 Dungeon Crawl Stone Soup version 0.23.2-30-g0e89c35649 (webtiles) character file.

Game seed: 5572560838761954449

8482 TrebMcFLY the Cleaver (level 11, -2/95 HPs)
             Began as a Hill Orc Fighter on June 20, 2019.
             Was a Believer of Yredelemnul.
             Slain by a yak (9 damage)
             ... on level 1 of the Lair of Beasts.
             The game lasted 00:30:46 (11513 turns).

TrebMcFLY the Cleaver (Hill Orc Fighter)           Turns: 11513, Time: 00:30:46

Health: -2/95      AC: 15    Str: 29    XL:     11   Next: 31%
Magic:  25/25      EV:  7    Int:  8    God:    Yredelemnul [**....]
Gold:   276        SH: 12    Dex: 10    Spells: 10/10 levels left

rFire    + . .     SeeInvis +   a - +1 war axe
rCold    . . .     Gourm    .   c - +0 shield
rNeg     . . .     Faith    .   G - +2 chain mail {rF+}
rPois    .         Spirit   .   (no helmet)
rElec    .         Reflect  .   (no cloak)
rCorr    +         Harm     .   h - +0 pair of gloves
MR       .....                  Q - +0 pair of boots "Ickiajem" {+Blink rF- rCorr MP+9 Str+6}
Stlth    ..........             r - amulet of the acrobat
HPRegen  0.25/turn              o - ring of see invisible
MPRegen  0.19/turn              K - ring of protection from fire

@: injury mirror
A: no striking features
a: Animate Remains, Recall Undead Slaves, Injury Mirror, Renounce Religion,
Evoke Blink


You were on level 1 of the Lair of Beasts.
You worshipped Yredelemnul.
Yredelemnul was pleased with you.
You were not hungry.

You visited 3 branches of the dungeon, and saw 13 of its levels.
You also visited: Ossuary.

You collected 735 gold pieces.
You spent 459 gold pieces at shops.

Inventory:

Hand Weapons
 a - a +1 war axe (weapon)
Missiles
 E - 2 javelins (quivered)
Armour
 b - a +2 ring mail of poison resistance
 c - a +0 shield (worn)
 h - a +0 pair of gloves (worn)
 G - a +2 chain mail of fire resistance (worn)
 Q - the +0 pair of boots "Ickiajem" (worn) {+Blink rF- rCorr MP+9 Str+6}
   (You bought it in a shop on level 10 of the Dungeon)

   It affects your strength (+6).
   It makes you vulnerable to fire.
   It affects your magic capacity (+9).
   It lets you blink.
   It provides partial protection from all sources of acid and corrosion.
Jewellery
 m - an uncursed ring of ice
 o - a ring of see invisible (left hand)
 r - an amulet of the acrobat (around neck)
 K - a ring of protection from fire (right hand)
Wands
 w - a wand of flame (7)
 M - a wand of enslavement (8)
 N - a wand of polymorph (22)
 R - a wand of iceblast (6)
Scrolls
 e - 2 scrolls of enchant weapon
 l - 6 scrolls of identify
 p - a scroll of amnesia
 q - 4 scrolls of remove curse {unknown}
 v - 2 scrolls of summoning {unknown}
 y - 2 scrolls of vulnerability {unknown}
 B - 3 scrolls of teleportation
 F - a scroll of blinking {unknown}
 I - 4 scrolls of enchant armour {unknown}
 J - a scroll of silence {unknown}
 L - 4 scrolls of fear {unknown}
 P - a scroll of magic mapping
Potions
 d - 2 potions of might
 g - 3 potions of invisibility {unknown}
 i - a potion of degeneration {unknown}
 j - 3 potions of haste {unknown}
 k - 4 potions of mutation
 n - 2 potions of agility {unknown}
 s - 4 potions of cancellation {unknown}
 t - 4 potions of berserk rage {unknown}
 u - 2 potions of lignification {unknown}
 x - a potion of resistance {unknown}
 z - a potion of brilliance {unknown}
 A - 3 potions of heal wounds
 C - a potion of magic {unknown}
 D - 5 potions of curing
 H - 4 potions of flight {unknown}
Comestibles
 f - 15 rations
 O - 3 chunks of flesh


   Skills:
 + Level 8.9 Fighting
 * Level 12.3 Axes
 + Level 8.1 Armour
 + Level 8.1 Shields
 + Level 7.5 Invocations
 + Level 6.1 Evocations


You had 10 spell levels left.
You didn't know any spells.
Your spell library contained the following spells:

 Spells                   Type           Power        Failure   Level  Hunger
 Poisonous Vapours        Pois/Air       #.....       100%        2    ###....
 Conjure Flame            Conj/Fire      #.......     100%        3    ####...
 Mephitic Cloud           Conj/Pois/Air  #.......     100%        3    ####...
 Freezing Cloud           Conj/Ice/Air   #.........   100%        6    #######
 Ring of Flames           Chrm/Fire      #.........   100%        7    #######


Dungeon Overview and Level Annotations

Branches:
Dungeon (11/15)            Temple (1/1) D:4            Lair (1/6) D:10
    Orc: D:9-12

Altars:
Ashenzari
Cheibriados
Dithmenos
Elyvilon
Fedhas
Gozag
Hepliaklqana
Kikubaaqudgha
Makhleb
Nemelex Xobeh
Okawaru
Qazlal
Ru
Sif Muna
Trog
Uskayaw
Vehumet
Wu Jian
Xom
Yredelemnul
Zin
The Shining One

Shops:
D:7 *   D:8 ![%%!   D:10 ?=[


Message History

Yredelemnul mirrors your injury!
The nine-headed hydra is severely wounded.
The nine-headed hydra bites you but does no damage.
The nine-headed hydra bites you.
* * * LOW HITPOINT WARNING * * *
Yredelemnul mirrors your injury!
The nine-headed hydra is almost dead.
The nine-headed hydra closely misses you.
The nine-headed hydra bites you!
* * * LOW HITPOINT WARNING * * *
Yredelemnul mirrors your injury!
You kill the nine-headed hydra!
Yredelemnul accepts your kill.
Your Evocations skill increases to level 6!
You can no longer animate legions of the dead.
Yredelemnul will no longer gift you servants.
The blink frog blinks!
The blink frog barely misses you. The yak gores you!
You die...
Your body rises from the dead as a mindless zombie.

##### #...
#######..######
........F.F...#
######.#####.#
##§####P.##..##
#..#...>...Y.P#
##.†.Y##..#...P#
##.#@.##........
#..#F##.#.#...#.
#.F............$
##...####..####P
#..P# ..# #.....
.. ##.#.. ..####
##.


You could see a yak and a blink frog.

Vanquished Creatures
  A hydra (Lair:1)
  Joseph (D:7)
  A troll (D:10)
  A blink frog (Lair:1)
  2 hippogriffs
  Sigmund (D:3)
  A spriggan (D:10)
  A shadow (D:9)
  A wyvern (D:11)
  A steam dragon (D:9)
  A hungry ghost (D:9)
  3 basilisks (D:10)
  4 porcupines (D:10)
  A water moccasin (D:9)
  3 orc warriors
  3 black bears
  3 ogres
  An ice beast (D:9)
  2 necrophages (D:9)
  4 sky beasts
  3 centaurs
  A crocodile (D:10)
  A big kobold (D:10)
  3 elf zombies (Ossuary)
  3 bullfrogs
  A gnoll sergeant (D:7)
  A water moccasin zombie (D:5)
  2 wyvern zombies
  A wyvern skeleton (D:11)
  A scorpion (D:10)
  3 killer bees (D:11)
  5 howler monkeys
  6 centaur zombies
  2 lava snakes (D:7)
  3 hounds
  A quasit (D:8)
  2 crimson imps (D:5)
  4 jellies
  4 human zombies (Ossuary)
  4 orc priests
  4 orc wizards
  A bullfrog skeleton (D:11)
  3 centaur skeletons
  5 iguanas
  6 worker ants
  2 hound skeletons
  3 mummies (Ossuary)
  11 gnolls
  11 adders
  2 shadow imps
  2 oozes
  2 adder skeletons (D:4)
  2 worms (D:2)
  2 dart slugs
  8 leopard geckos
  16 orcs
  A ball python (D:3)
  8 bats
  7 giant cockroaches
  7 goblins
  8 hobgoblins
  11 jackals
  3 quokkas
  5 frilled lizards
  18 kobolds
  A leopard gecko zombie (D:8)
  A quokka skeleton (D:5)
  A quokka zombie (D:5)
  9 rats
  2 fungi (Lair:1)
  A plant (D:10)
250 creatures vanquished.

Vanquished Creatures (collateral kills)
  A water moccasin (D:7)
  An ice beast (D:10)
  A wolf (D:10)
  A crocodile (D:10)
  A killer bee (D:10)
  A worker ant zombie (D:10)
  2 orcs
8 creatures vanquished.

Vanquished Creatures (others)
  2 killer bees (D:11)
  A wight (D:11)
  A bullfrog zombie (Lair:1)
  A centaur zombie (D:7)
  A black bear zombie (D:8)
  A centaur skeleton (D:10)
  An orc wizard (D:6)
  A porcupine skeleton (D:10)
  A sky beast zombie (D:6)
  A crocodile skeleton (D:10)
  An adder zombie (D:10)
  A quokka zombie (D:7)
13 creatures vanquished.

Grand Total: 271 creatures vanquished

Notes
Turn   | Place    | Note
-------+----------+-------------------------------------------
     0 | D:1      | TrebMcFLY the Hill Orc Fighter began the quest for the Orb.
     0 | D:1      | Reached XP level 1. HP: 19/19 MP: 1/1
    60 | D:1      | Reached skill level 3 in Axes
   114 | D:1      | Reached XP level 2. HP: 23/27 MP: 2/2
   378 | D:1      | Reached XP level 3. HP: 33/33 MP: 3/3
  1060 | D:2      | Reached skill level 4 in Axes
  1243 | D:2      | Reached XP level 4. HP: 40/40 MP: 4/4
  1514 | D:2      | Found a stormy altar of Qazlal.
  2146 | D:3      | Reached XP level 5. HP: 40/47 MP: 5/5
  2222 | D:3      | Noticed Sigmund
  2237 | D:3      | Killed Sigmund
  2237 | D:3      | Reached skill level 5 in Axes
  2237 | D:3      | Reached XP level 6. HP: 6/55 MP: 6/6
  2637 | D:4      | Reached skill level 5 in Fighting
  2637 | D:4      | Reached skill level 6 in Axes
  2661 | D:3      | Reached skill level 1 in Evocations
  2661 | D:3      | Reached XP level 7. HP: 8/61 MP: 7/7
  3279 | D:4      | Found a staircase to the Ecumenical Temple.
  3288 | Temple   | Entered the Ecumenical Temple
  3438 | Temple   | Became a worshipper of Yredelemnul the Dark
  3537 | D:4      | Reached skill level 7 in Axes
  3537 | D:4      | Reached skill level 5 in Armour
  3537 | D:4      | Reached skill level 5 in Shields
  3537 | D:4      | Reached skill level 1 in Invocations
  4454 | D:4      | Reached XP level 8. HP: 66/70 MP: 9/9
  4668 | D:5      | Entered Level 5 of the Dungeon
  4701 | D:5      | Found a sand-covered staircase.
  4715 | Ossuary  | Entered an ossuary
  4979 | Ossuary  | Reached skill level 8 in Axes
  5158 | Ossuary  | Reached * piety under Yredelemnul
  6071 | D:5      | Reached XP level 9. HP: 77/78 MP: 11/11
  6307 | D:6      | Reached skill level 9 in Axes
  6594 | D:6      | Reached ** piety under Yredelemnul
  6980 | D:7      | Noticed Joseph
  6996 | D:7      | Killed Joseph
  7054 | D:7      | Found Ykhed's General Store.
  7060 | D:7      | Bought a potion of mutation for 96 gold pieces
  7060 | D:7      | Bought a scroll of teleportation for 36 gold pieces
  7066 | D:7      | Reached skill level 5 in Invocations
  7110 | D:7      | Reached skill level 10 in Axes
  7747 | D:7      | Reached XP level 10. HP: 40/86 MP: 14/14
  7980 | D:8      | Found Sawut's Distillery.
  7982 | D:8      | Found Nyzerula's Food Shoppe.
  8147 | D:8      | Found Wuv Jaz's Food Shoppe.
  8457 | D:8      | Found Rilair's Distillery.
  8462 | D:8      | Found Urecloti's Antique Armour Shop.
  8806 | D:9      | Reached skill level 5 in Evocations
  8817 | D:9      | Reached skill level 11 in Axes
  8873 | D:9      | Reached *** piety under Yredelemnul
  9332 | D:10     | Entered Level 10 of the Dungeon
  9469 | D:10     | Found a staircase to the Lair.
 10355 | D:10     | Found Jezyor's Magic Scroll Boutique.
 10360 | D:10     | Bought a scroll of magic mapping for 52 gold pieces
 10380 | D:10     | Reached XP level 11. HP: 95/95 MP: 16/16
 10476 | D:10     | Found Saanuaro's Jewellery Boutique.
 10714 | D:10     | Reached skill level 12 in Axes
 10750 | D:10     | Found Weron's Antique Armour Emporium.
 10758 | D:10     | Bought a pair of pitted boots for 275 gold pieces
 10764 | D:10     | Identified the +0 pair of boots "Ickiajem" {+Blink rF-
                  | rCorr MP+9 Str+6} (You bought it in a shop on level 10 of
                  | the Dungeon)
 10828 | D:10     | Received a gift from Yredelemnul (a wight)
 10936 | D:11     | Reached **** piety under Yredelemnul
 11380 | D:11     | Noticed a four-headed hydra
 11456 | Lair:1   | Entered Level 1 of the Lair of Beasts
 11467 | Lair:1   | Noticed a seven-headed hydra
 11512 | Lair:1   | Killed a nine-headed hydra
 11513 | Lair:1   | Slain by a yak

Skill      XL: |  1  2  3  4  5  6  7  8  9 10 11 |
---------------+----------------------------------+-----
Axes           | 3 4 5 6 7 8 10 11 12 | 12.3
Fighting       | 4 5 6 7 8 |  8.9
Armour         | 4 5 6 7 8 |  8.1
Shields        | 4 5 6 7 8 |  8.1
Evocations     | 1 2 3 4 5 6 |  6.1
Invocations    | 1 3 5 6 7 |  7.5

Action                   |  1- 3 |  4- 6 |  7- 9 | 10-12 || total
-------------------------+-------+-------+-------+-------++-------
Melee: War axe           |   121 |   169 |   461 |   341 ||  1092
Invok: Animate Remains   |       |       |     5 |     1 ||     6
       Animate Dead      |       |       |       |     4 ||     4
       Injury Mirror     |       |       |       |     1 ||     1
  Use: Scroll            |       |       |     7 |     1 ||     8
 Stab: Distracted        |       |       |       |     1 ||     1
  Eat: Chunk             |     1 |     5 |    19 |    11 ||    36
       Ration            |       |       |       |     1 ||     1
Armor: Scale mail        |    49 |    74 |    84 |       ||   207
       Chain mail        |       |       |    73 |   188 ||   261
Dodge: Dodged            |    37 |    43 |    94 |   145 ||   319
Block: Shield            |    66 |    74 |   201 |   216 ||   557
